 Dungeon Crawl Stone Soup version 0.28.0-43-g3370ac3207 (webtiles) character file.

Game seed: 7560395839465884757

388 rlgrobin the Digger (level 6, -5/35 HPs)
             Began as a Gargoyle Earth Elementalist on Mar 4, 2022.
             Was an Initiate of Gozag.
             Slain by a wyvern skeleton (9 damage)
             ... on level 5 of the Dungeon.
             The game lasted 00:04:30 (5572 turns).

rlgrobin the Digger (Gargoyle Earth Elementalist)   Turns: 5572, Time: 00:04:31

Health: -5/35      AC:  9    Str: 14    XL:     6   Next: 79%
Magic:  10/12      EV: 10    Int: 15    God:    Gozag
Gold:   368        SH:  0    Dex: 10    Spells: 7/13 levels left

rFire   + . .      SeeInvis .   a - +0 short sword
rCold   + . .      Faith    .   (no shield)
rNeg    + + .      Spirit   .   d - +0 ring mail
rPois   ∞          Reflect  .   (no helmet)
rElec   +          Harm     .   p - scarf {rC+ rF+}
rCorr   .          Rampage  .   (no gloves)
Will    .....                   (no boots)
Stlth   +.........              (no amulet)
HPRegen 0.11/turn               j - ring of positive energy
MPRegen 0.13/turn               (no ring)

@: no status effects
A: sickness immunity, AC +4, negative energy resistance 1, electricity
resistance, torment resistance 1, petrification resistance
a: Renounce Religion, Potion Petition, Call Merchant, Bribe Branch


You were on level 5 of the Dungeon.
You worshipped Gozag.
Gozag was aware of your devotion.
You visited 2 branches of the dungeon, and saw 6 of its levels.

You collected 428 gold pieces.
You paid 60 gold pieces to Gozag.

Inventory:

Hand Weapons
 a - a +0 short sword (weapon)
Missiles
 c - 133 stones
 t - 2 atropa-tipped darts
Armour
 d - a +0 ring mail (worn)
 p - a scarf of resistance (worn)
Jewellery
 j - a ring of positive energy (left hand)
Wands
 b - a wand of mindburst (6)
 n - a wand of flame (12)
 r - a wand of acid (12)
Scrolls
 e - 2 scrolls of identify {unknown}
 f - 2 scrolls of vulnerability {unknown}
 h - a scroll of fog {unknown}
 k - a scroll of teleportation {unknown}
 m - a scroll of noise {unknown}
 o - 3 scrolls of enchant armour {unknown}
 s - a scroll of amnesia {unknown}
Potions
 g - a potion of degeneration {unknown}
 i - a potion of magic {unknown}
 l - 3 potions of attraction {unknown}
 q - a potion of ambrosia {unknown}
 u - a potion of heal wounds {unknown}
 v - a potion of lignification {unknown}


   Skills:
 - Level 2.0 Fighting
 + Level 1.5 Armour
 - Level 1.5 Dodging
 - Level 2.1 Stealth
 - Level 4.0 Spellcasting
 + Level 1.7 Conjurations
 - Level 0.7 Transmutations
 + Level 6.4 Earth Magic


You had 7 spell levels left.
You knew the following spells:

 Your Spells              Type           Power      Damage    Failure   Level
a - Sandblast             Erth           44%        2d11      2%          1
b - Stone Arrow           Conj/Erth      30%        3d8       21%         3
q - Passwall              Tmut/Erth      10%        N/A       13%         2

Your spell library contained the following spells:

 Spells                   Type           Power      Damage    Failure   Level
 Magic Dart               Conj           32%        1d4       19%         1
 Searing Ray              Conj           16%        2d5       26%         2
 Petrify                  Tmut/Erth      13%        N/A       65%         4
 Confusing Touch          Hex            3%         N/A       73%         3
 Fulminant Prism          Conj/Hex       2%         3d6       95%         4
 Yara's Violent Unravell  Hex/Tmut       2%         3d3       100%        5
 Enfeeble                 Hex            1%         N/A       100%        7


Dungeon Overview and Level Annotations

Branches:
Dungeon (5/15)             Temple (1/1) D:4

Altars:
Ashenzari
Cheibriados
Dithmenos
Elyvilon
Fedhas
Gozag
Hepliaklqana
Kikubaaqudgha
Okawaru
Qazlal
Ru
Sif Muna
Trog
Uskayaw
Vehumet
Wu Jian
Xom
Zin
The Shining One


Innate Abilities, Weirdness & Mutations

You are immune to sickness and miasma.
Your stone body is resilient. (AC +4)
You are immune to poison.
You resist negative energy. (rN+)
You are resistant to electric shocks. (rElec)
You are resistant to unholy torment.
You are immune to petrification.


Message History

The wyvern skeleton is lightly damaged.
The wyvern skeleton misses you. The wyvern skeleton bites you.
You take 4 damage, and have 31/35 hp.
You barely miss the wyvern skeleton.
The wyvern skeleton is lightly damaged.
The wyvern skeleton bites you.
You take 4 damage, and have 27/35 hp.
You hit the wyvern skeleton.
The wyvern skeleton is moderately damaged.
The wyvern skeleton bites you.
You take 1 damage, and have 26/35 hp.
You hit the wyvern skeleton.
The wyvern skeleton is moderately damaged.
The wyvern skeleton bites you!
* * * LOW HITPOINT WARNING * * *
The wyvern skeleton bites you.
* * * LOW HITPOINT WARNING * * *
You are too injured to fight recklessly!
You take 13 damage, and have 13/35 hp.
You are too injured to fight recklessly!
Casting: Sandblast (safe; 2% risk of failure)
Confirm with . or Enter, or press ? or * to list all spells.
Aiming: Sandblast (safe; 2% risk of failure)
Press: ? - help, Shift-Dir - straight line, f - wyvern skeleton
Aim: a wyvern skeleton (moderately damaged, 98% to hit)
The blast of sand hits the wyvern skeleton!
The wyvern skeleton is heavily damaged.
The wyvern skeleton bites you!
* * * LOW HITPOINT WARNING * * *
You take 9 damage, and have 4/35 hp.
Casting: Sandblast (safe; 2% risk of failure)
Confirm with . or Enter, or press ? or * to list all spells.
Aiming: Sandblast (safe; 2% risk of failure)
Press: ? - help, Shift-Dir - straight line, f/p - wyvern skeleton
Aim: a wyvern skeleton (heavily damaged, 98% to hit)
The blast of sand hits the wyvern skeleton!
The wyvern skeleton is almost destroyed.
The wyvern skeleton bites you!
You die...
Your body crumbles into a pile of gold.

........'......#
##.
<.......######.#
#. .)......# #[#
. #. ...<....#
#.# .. #.
........# #.#
.>! ## #########
#.# ...< # #.#
..... #
#.###..)... #
#..@Z...... #
#########..


You could see a wyvern skeleton.

Vanquished Creatures
  2 scorpions
  A hound (D:4)
  Jessica (D:3)
  Ijyb (D:5)
  An iguana (D:5)
  An orc wizard (D:4)
  7 adders
  An ufetubus (D:5)
  2 worms (D:2)
  An adder skeleton (D:5)
  A dart slug (D:5)
  7 orcs
  2 bats
  3 endoplasms
  A giant cockroach (D:2)
  5 goblins
  5 hobgoblins
  4 jackals (D:1)
  5 kobolds
  3 quokkas
  4 ball pythons
  3 frilled lizards
  5 rats
  A butterfly (D:4)
67 creatures vanquished.

Notes
Turn   | Place    | Note
-------+----------+-------------------------------------------
     0 | D:1      | rlgrobin the Gargoyle Earth Elementalist began the quest
                  | for the Orb.
     0 | D:1      | Reached XP level 1. HP: 10/10 MP: 3/3
   166 | D:1      | Reached XP level 2. HP: 8/15 MP: 0/5
   308 | D:1      | Reached skill level 4 in Earth Magic
   873 | D:1      | Reached XP level 3. HP: 5/19 MP: 6/6
  1147 | D:1      | Learned a level 2 spell: Passwall
  1151 | D:1      | Learned a level 3 spell: Stone Arrow
  1825 | D:2      | Reached XP level 4. HP: 23/24 MP: 8/8
  2142 | D:3      | Reached skill level 5 in Earth Magic
  2188 | D:3      | Found a shimmering blue altar of Sif Muna.
  2234 | D:3      | Noticed a scorpion
  2251 | D:3      | Killed a scorpion
  2252 | D:3      | Reached XP level 5. HP: 9/28 MP: 0/10
  2647 | D:3      | Noticed Jessica
  2649 | D:3      | Killed Jessica
  3441 | D:4      | Found a staircase to the Ecumenical Temple.
  3460 | Temple   | Entered the Ecumenical Temple
  3684 | Temple   | Became a worshipper of Gozag Ym Sagoz the Greedy
  3753 | D:4      | Reached skill level 6 in Earth Magic
  3753 | D:4      | Reached skill level 1 in Fighting
  3756 | D:4      | Reached XP level 6. HP: 15/34 MP: 5/12
  4414 | D:4      | Found a glowing silver altar of Zin.
  4425 | D:4      | Found a white marble altar of Elyvilon.
  4577 | D:5      | Entered Level 5 of the Dungeon
  4579 | D:5      | Noticed Ijyb
  4585 | D:5      | Killed Ijyb
  4992 | D:5      | Reached skill level 1 in Conjurations
  4997 | D:5      | Reached skill level 1 in Armour
  5411 | D:5      | Found a stormy altar of Qazlal.
  5572 | D:5      | Slain by a wyvern skeleton

Illustrated notes

Levels and vault maps discovered:
D:1:      elethiomel_arrival_maze, layout_rooms, lemuel_another_geyser
D:2:      layout_loops_cross
D:3:      layout_loops_ring, kennysheep_orc_sif_temple, serial_forest,
          infiniplex_forest_fountain, infiniplex_forest_straight_1,
          infiniplex_forest_end_2, infiniplex_forest_end_1, uniq_jessica
D:4:      layout_basic, amethyst_overflow_temple_binary,
          minmay_temple_entry_butterflies
D:5:      layout_basic, nicolae_qazlal_general_emergency, hex_tiny, uniq_ijyb
Temple:   regret_index_temple_generic_petals

Skill      XL: |  1  2  3  4  5  6 |
---------------+-------------------+-----
Earth Magic    | 4 5 6 |  6.4
Spellcasting   | 3 4 |  4.0
Fighting       | 1 2 |  2.0
Conjurations   | 1 |  1.7
Armour         | 1 |  1.5
Dodging        | |  1.5
Stealth        | |  2.1
Transmutations | |  0.7

Action                   |  1- 3 |  4- 6 || total
-------------------------+-------+-------++-------
Melee: Short sword       |   115 |   157 ||   272
 Cast: Sandblast         |     9 |    34 ||    43
Evoke: Wand              |       |     5 ||     5
 Stab: Sleeping          |     3 |     1 ||     4
Armor: Robe              |     6 |       ||     6
       Ring mail         |    55 |    72 ||   127
Dodge: Dodged            |    71 |    98 ||   169
